 Dungeon Crawl Stone Soup version 0.24.0-13-gcf9b319 (webtiles) character file.

Game seed: 1640726359056732054, levelgen mode: deterministic

36089 Fang the Fighter (level 13, 0/85 HPs)
             Began as a Gargoyle Berserker on Dec 13, 2019.
             Was a High Priest of Trog.
             Splashed by an oklob plant's acid (8 damage)
             ... on level 5 of the Lair of Beasts.
             The game lasted 00:18:59 (15347 turns).

Fang the Fighter (Gargoyle Berserker)              Turns: 15347, Time: 00:19:00

Health: 0/85       AC: 18    Str: 27    XL:     13   Next: 88%
Magic:  0/13       EV: 14    Int:  5    God:    Trog [*****.]
Gold:   1227       SH: 15    Dex: 22    Spells: 12/12 levels left

rFire    . . .     SeeInvis .   z - +6 war axe (protect)
rCold    . . .     Gourm    .   I - +1 shield of Egalitarianism {Int-2 Dex+7}
rNeg     + . .     Faith    .   b - +1 plate armour
rPois    ∞         Spirit   +   m - +2 hat
rElec    +         Reflect  .   (no cloak)
rCorr    .         Harm     .   (no gloves)
MR       +....                  (no boots)
Stlth    ..........             G - amulet "Jiamn" {Spirit Dex+6}
HPRegen  0.24/turn              r - ring of stealth
MPRegen  0.13/turn              u - ring of protection from magic

@: corroded, protection aura, berserk cooldown, slowed, very slow
A: negative energy resistance 1, electricity resistance, unbreathing,
petrification resistance, rot immunity, AC +9
a: Berserk, Trog's Hand, Brothers in Arms, Renounce Religion


You were on level 5 of the Lair of Beasts.
You worshipped Trog.
Trog was extremely pleased with you.
You were not hungry.

You visited 3 branches of the dungeon, and saw 18 of its levels.

You collected 1227 gold pieces.

Inventory:

Hand Weapons
 a - a +3 broad axe of freezing
 z - a +6 war axe of protection (weapon)
Armour
 b - a +1 plate armour (worn)
 m - a +2 hat (worn)
 B - a +0 buckler
 I - the +1 shield of Egalitarianism (worn) {Int-2 Dex+7}
   (You acquired it on level 1 of the Lair of Beasts)

   It affects your intelligence (-2).
   It affects your dexterity (+7).
Jewellery
 r - a ring of stealth (left hand)
 s - an uncursed ring of flight
 u - a ring of protection from magic (right hand)
 G - the amulet "Jiamn" (around neck) {Spirit Dex+6}
   (You found it on level 12 of the Dungeon)

   [amulet of guardian spirit]

   It causes incoming damage to be split between your health and magic.
   It affects your dexterity (+6).
 H - an uncursed ring of positive energy
 N - an uncursed amulet of regeneration
Wands
 f - a wand of flame (44)
 p - a wand of scattershot (6)
 t - a wand of acid (15)
 w - a wand of digging (3)
 y - a wand of random effects (14)
 C - a wand of clouds (5)
 D - a wand of iceblast (19)
 E - a wand of disintegration (13)
 K - a wand of paralysis (12)
 L - a wand of enslavement (9)
Scrolls
 d - a scroll of fog
 g - a scroll of fear
 j - a scroll of summoning
 k - 5 scrolls of blinking
 l - 8 scrolls of teleportation
 q - 5 scrolls of remove curse
Potions
 e - 7 potions of heal wounds
 h - 3 potions of haste
 i - 2 potions of ambrosia
 n - 6 potions of curing
 v - 3 potions of flight
 x - a potion of invisibility
 A - a potion of resistance
 J - 3 potions of might
Comestibles
 c - 42 rations


   Skills:
 + Level 11.9 Fighting
 + Level 10.2 Axes
 + Level 11.6 Armour
 + Level 9.1 Dodging
 + Level 11.3 Shields


You had 12 spell levels left.
You didn't know any spells.
Your spell library was empty.

Dungeon Overview and Level Annotations

Branches:
Dungeon (12/15)            Temple (1/1) D:4            Lair (5/6) D:10
  Swamp (0/4) Lair:2       Spider (0/4) Lair:4          Orc (0/2) D:10
  Slime: Lair:5-6

Altars:
Ashenzari
Elyvilon
Nemelex Xobeh
Qazlal
Sif Muna
Trog
Vehumet
Wu Jian
Xom
The Shining One
Beogh

Shops:
D:9 [   D:12 (

Portals:
Trove: D:10 (give 7 potions of haste)

Annotations:
D:10 1 runed translucent door, Vahrane's ghost, novice DrTm
Lair:3 2 transporters, Gevorchiy's ghost, journeyman MiBe
Lair:5 exclusion: 2 oklob plants


Innate Abilities, Weirdness & Mutations

You are resistant to torment.
Your stone body is resilient. (AC +9)
You are immune to poison.
You resist negative energy. (rN+)
You are resistant to electric shocks. (rElec)
You can survive without breathing.
You are immune to petrification.
You are immune to rotting.


Message History

The oklob plant is almost destroyed.
You hit the oklob plant but do no damage.
The oklob plant is severely damaged.
The oklob plant spits acid at you.
The splash of acid hits you but does no damage.
The acid corrodes you!
You are splashed with acid!
You slash the oklob plant!
The oklob plant is almost destroyed.
You hit the oklob plant.
The oklob plant is almost destroyed.
The oklob plant spits acid at you. The splash of acid hits you.
You are splashed with acid!
* * * LOW HITPOINT WARNING * * *
You hit the oklob plant but do no damage.
The oklob plant is almost destroyed.
The oklob plant spits acid at you. The splash of acid hits you!
* * * LOW HITPOINT WARNING * * *
The acid corrodes you!
You are splashed with acid!
You die...

##### ### ##..P# #.####
..#.P# ##...## ....##
##.P.######## #P..#
#.....#....$# ##.#####
##....#$..[$#
#..##.####....#@.$$.#
##.....#......##P.}..#
#..............#..$P[#
#..............#...P.#..
....##.#................#
#..#..#.##P##............#
##
#..##P#########..........###
#. ...####
#............#####. ..##
##...............P#.


You could see 2 oklob plants.

Vanquished Creatures
  Gastronok (Lair:1)
  A hydra (Lair:3)
  4 two-headed ogres
  Erica (Lair:1)
  4 death yaks (Lair:3)
  An ugly thing (D:11)
  The ghost of seaofthunder the Magician, a novice DrAE of Sif Muna (D:6)
  2 manticores (D:12)
  2 oklob plants (Lair:5)
  A cyclops (D:8)
  A black mamba (Lair:1)
  A torpor snail (Lair:4)
  Joseph (D:10)
  7 spiny frogs
  A rime drake (Lair:4)
  2 trolls
  5 jumping spiders (Lair:4)
  Grinder (D:4)
  2 dream sheep (D:9)
  4 hippogriffs
  14 blink frogs
  Sigmund (D:4)
  2 redbacks (Lair:4)
  2 wyverns
  34 yaks
  2 hungry ghosts
  Menkaure (D:4)
  An acid dragon (D:12)
  12 water moccasins
  11 porcupines
  8 orc warriors
  4 sky beasts
  An ice beast (D:8)
  A phantom (D:7)
  An eye of draining (D:12)
  A hornet zombie (D:10)
  4 ogres
  A black bear (Lair:2)
  2 necrophages
  4 centaurs
  A wolf (Lair:5)
  7 crocodiles
  2 big kobolds (D:9)
  15 bullfrogs
  A water moccasin zombie (D:10)
  5 scorpions
  10 killer bees
  10 wights
  A howler monkey (D:10)
  A lava snake (D:11)
  A centaur zombie (D:4)
  6 crimson imps
  2 bullfrog zombies
  A centaur skeleton (D:4)
  3 hounds
  2 jellies
  9 orc priests
  Crazy Yiuf (D:2)
  8 orc wizards
  A bullfrog skeleton (D:10)
  A gnoll shaman (D:8)
  Jessica (D:2)
  2 iguanas
  Ijyb (D:3)
  7 worker ants
  A hound zombie (D:7)
  A hound skeleton (D:7)
  5 gnolls (D:8)
  A howler monkey skeleton (D:10)
  4 adders
  2 shadow imps
  An ooze (D:3)
  An adder zombie (D:7)
  4 worms
  5 dart slugs
  6 leopard geckos
  60 orcs
  6 bats
  A giant cockroach (D:7)
  5 hobgoblins
  4 jackals (D:6)
  7 kobolds
  4 quokkas
  6 frilled lizards
  8 goblins
  7 rats
  3 fungi
  3 plants
394 creatures vanquished.

Vanquished Creatures (collateral kills)
  4 hydras
  A spiny frog (Lair:1)
  A hippogriff (Lair:3)
  A porcupine (Lair:3)
  A big kobold (D:9)
8 creatures vanquished.

Vanquished Creatures (others)
  An orc priest (D:6)
  An orc (D:6)
  A bat (D:3)
  6 fungi
  3 plants (Lair:5)
12 creatures vanquished.

Grand Total: 414 creatures vanquished

Notes
Turn   | Place    | Note
-------+----------+-------------------------------------------
     0 | D:1      | Fang the Gargoyle Berserker began the quest for the Orb.
     0 | D:1      | Reached XP level 1. HP: 14/14 MP: 1/1
    65 | D:1      | Reached XP level 2. HP: 17/19 MP: 2/2
   885 | D:2      | Reached XP level 3. HP: 13/23 MP: 3/3
  1287 | D:2      | Noticed Jessica
  1292 | D:2      | Killed Jessica
  1292 | D:2      | Reached ** piety under Trog
  1292 | D:2      | Reached skill level 1 in Shields
  1292 | D:2      | Reached XP level 4. HP: 29/29 MP: 4/4
  1556 | D:2      | Found a bloodstained altar of Trog.
  1863 | D:2      | Found a runed translucent door.
  1864 | D:2      | Noticed Crazy Yiuf
  1872 | D:2      | Killed Crazy Yiuf
  1872 | D:2      | Reached XP level 5. HP: 33/33 MP: 5/5
  2072 | D:3      | Reached XP level 6. HP: 22/39 MP: 6/6
  2301 | D:3      | Found a white marble altar of Elyvilon.
  2450 | D:3      | Noticed Ijyb
  2467 | D:3      | Killed Ijyb
  2681 | D:3      | Found a sparkling altar of Nemelex Xobeh.
  2794 | D:4      | Found a white marble altar of Elyvilon.
  2836 | D:4      | Noticed Menkaure
  2845 | D:4      | Killed Menkaure
  2845 | D:4      | Reached XP level 7. HP: 44/44 MP: 7/7
  2939 | D:4      | Found a staircase to the Ecumenical Temple.
  2941 | D:4      | Noticed Grinder
  2943 | D:4      | Paralysed by Grinder for 4 turns
  2964 | Temple   | Entered the Ecumenical Temple
  2982 | D:4      | Killed Grinder
  2982 | D:4      | Reached skill level 5 in Fighting
  3144 | D:4      | Found an ornate altar of the Wu Jian Council.
  3379 | D:4      | Noticed Sigmund
  3398 | D:4      | Killed Sigmund
  3398 | D:4      | Reached XP level 8. HP: 34/50 MP: 8/8
  4015 | D:5      | Entered Level 5 of the Dungeon
  4094 | D:5      | Reached skill level 5 in Armour
  4450 | D:5      | Found a glowing golden altar of the Shining One.
  4561 | D:6      | Reached skill level 5 in Axes
  4707 | D:6      | Found a runed translucent gate.
  4708 | D:6      | Found a runed translucent gate.
  4709 | D:6      | Found a runed translucent gate.
  4745 | D:6      | Identified the +3 plate armour of Dawn {Dex+5}
  4747 | D:6      | Noticed seaofthunder's ghost (novice DrAE)
  4750 | D:6      | Found a roughly hewn altar of Beogh.
  4772 | D:6      | Reached skill level 5 in Shields
  4772 | D:6      | Reached XP level 9. HP: 45/56 MP: 9/9
  4991 | D:6      | Found a stormy altar of Qazlal.
  5160 | D:6      | Found a shimmering blue altar of Sif Muna.
  5666 | D:6      | Reached *** piety under Trog
  5668 | D:6      | Killed seaofthunder's ghost
  6145 | D:7      | Reached skill level 5 in Dodging
  6248 | D:7      | Paralysed by fainting for 10 turns
  7143 | D:8      | Reached XP level 10. HP: 63/63 MP: 10/10
  7374 | D:8      | Noticed a cyclops
  7386 | D:8      | Killed a cyclops
  7386 | D:8      | Reached **** piety under Trog
  7498 | D:8      | Noticed a two-headed ogre
  7506 | D:8      | Killed a two-headed ogre
  7873 | D:9      | Noticed a two-headed hydra
  7883 | D:9      | Killed a two-headed hydra
  7988 | D:9      | Reached XP level 11. HP: 69/69 MP: 11/11
  8238 | D:9      | Found Ysoosox's Antique Armour Emporium.
  8505 | D:10     | Entered Level 10 of the Dungeon
  8543 | D:10     | Noticed a two-headed ogre
  8555 | D:10     | Killed a two-headed ogre
  8764 | D:10     | Noticed Joseph
  8775 | D:10     | Killed Joseph
  8804 | D:10     | Found a runed translucent door.
  8805 | D:10     | Found a shimmering altar of Xom.
  8805 | D:10     | Noticed Vahrane's ghost (novice DrTm)
  8812 | D:10     | Noticed a +1 quarterstaff of chaos
  8841 | D:10     | Found a staircase to the Orcish Mines.
  8894 | D:10     | Found a portal to a secret trove of treasure.
  9017 | D:10     | Found a staircase to the Lair.
  9027 | D:10     | Noticed a two-headed ogre
  9039 | D:10     | Killed a two-headed ogre
  9073 | D:10     | Reached ***** piety under Trog
  9558 | D:11     | Noticed a green ugly thing
  9572 | D:11     | Killed a green ugly thing
  9630 | D:11     | Noticed a two-headed ogre
  9636 | D:11     | Killed a two-headed ogre
  9674 | D:11     | Found a shattered altar of Ashenzari.
 10242 | D:12     | Received a gift from Trog
 10268 | D:12     | Noticed a manticore
 10278 | D:12     | Killed a manticore
 10501 | D:12     | Reached XP level 12. HP: 49/77 MP: 12/12
 10555 | D:12     | Reached skill level 10 in Fighting
 10607 | D:12     | Got an ancient golden amulet
 10866 | D:12     | Found Ociasops's Antique Weapon Emporium.
 10944 | Lair:1   | Entered Level 1 of the Lair of Beasts
 11014 | Lair:1   | Noticed Erica
 11024 | Lair:1   | Killed Erica
 11050 | Lair:1   | Reached skill level 10 in Armour
 11057 | Lair:1   | Identified a scroll of acquirement
 11060 | Lair:1   | Got a heavily runed shield
 11071 | Lair:1   | Identified the +1 shield of Egalitarianism {Int-2 Dex+7}
                  | (You acquired it on level 1 of the Lair of Beasts)
 11091 | Lair:1   | Noticed a seven-headed hydra
 11097 | Lair:1   | Killed a seven-headed hydra
 11135 | Lair:1   | Noticed Gastronok
 11151 | Lair:1   | Killed Gastronok
 11174 | Lair:1   | Identified the amulet "Jiamn" {Spirit Dex+6} (You found it
                  | on level 12 of the Dungeon)
 11377 | Lair:1   | Reached skill level 10 in Shields
 12108 | Lair:2   | Found a staircase to the Swamp.
 12249 | Lair:3   | Found a transporter.
 12264 | Lair:3   | Noticed a four-headed hydra
 12277 | Lair:3   | Killed a 12-headed hydra
 12290 | Lair:3   | Noticed Gevorchiy's ghost (journeyman MiBe)
 12332 | Lair:3   | Noticed a death yak
 12333 | Lair:3   | Noticed a death yak
 12335 | Lair:3   | Noticed a death yak
 12339 | Lair:3   | Noticed a death yak
 12356 | Lair:3   | Killed a death yak
 12359 | Lair:3   | Killed a death yak
 12359 | Lair:3   | Reached XP level 13. HP: 58/84 MP: 10/13
 12641 | Lair:3   | Found a transporter.
 13711 | Lair:4   | Found a hole to the Spider Nest.
 13727 | Lair:4   | Reached skill level 10 in Axes
 15347 | Lair:5   | Splashed by an oklob plant's acid

Levels and vault maps discovered:
D:1:      scummos_arrival_forest, layout_rooms
D:2:      layout_loops_corners, marbit_many_paths, uniq_crazy_yiuf_cottage,
          uniq_jessica
D:3:      layout_rooms, nemelex_xobeh_ov_fountains_minmay, elyvilon_altar_4,
          uniq_ijyb
D:4:      layout_layer_cave, lemuel_crystal_altar,
          lemuel_coloured_pillars_altar, minmay_temple_entry_glass,
          first_ration, uniq_menkaure, uniq_grinder, uniq_sigmund
D:5:      layout_basic, nicolae_tso_swordbearing_angel
D:6:      layout_cave_pods, nicolae_overflow_hidden_temple,
          cheibrodos_sewer_entry_bend, biasface_ghost_orc_armoury,
          lemuel_blue_sif_altar
D:7:      layout_basic
D:8:      layout_loops_ring, kennysheep_generic_room_7
D:9:      layout_cross, serial_shops, shop_coins, hangedman_ranch
          [blue_anna_fruit_fields]
D:10:     layout_layer_cave, lair_entry_dummy, orc_0_dummy, ebering_ghost_xom,
          enter_trove_2, dk_noncrumbling_2, uniq_joseph
D:11:     layout_rooms, kennysheep_donut, evilmike_ruin_ashenzari
D:12:     layout_basic, serial_shops, shop, special_room [special_room_orc]
Temple:   eino_temple_scatter_basement
Lair:1:   layout_regular_city, grunt_megastairs_5, lemuel_fruit_fields,
          uniq_gastronok, uniq_erica
Lair:2:   layout_concentric_octagons, swamp_mist, grunt_megastairs_3,
          lemuel_fruit_tree
Lair:3:   layout_hall_layers, gammafunk_ghost_hive, minivault_27,
          beast_lair_carwin_8
Lair:4:   layout_gridlike, nicolae_spider_entry_tight_spaces, ldierk_geyser,
          grunt_megastairs_1
Lair:5:   layout_layer_cave, minmay_lair_oklob_chamber,
          infiniplex_staircase_pool_2, lemuel_fruit_fields

Skill      XL: |  1  2  3  4  5  6  7  8  9 10 11 12 13 |
---------------+----------------------------------------+-----
Axes           | 3 4 5 6 7 8 9 10 | 10.2
Dodging        | 2 3 4 5 6 7 8 9 |  9.1
Shields        | 1 2 3 5 6 7 9 10 11 | 11.3
Armour         | 3 4 5 7 8 9 10 11 | 11.6
Fighting       | 4 5 6 7 8 9 11 | 11.9

Action                   |  1- 3 |  4- 6 |  7- 9 | 10-12 | 13-15 || total
-------------------------+-------+-------+-------+-------+-------++-------
Melee: Hand axe          |    89 |   163 |   169 |       |       ||   421
       War axe           |       |       |   139 |   607 |   280 ||  1026
Invok: Berserk           |       |     5 |     5 |     6 |     2 ||    18
       Trog's Hand       |       |     1 |     3 |     1 |     1 ||     6
       Brothers in Arms  |       |       |       |     1 |     2 ||     3
  Use: Scroll            |       |       |       |    30 |     7 ||    37
 Stab: Sleeping          |       |     3 |       |       |       ||     3
  Eat: Chunk             |     1 |     9 |    17 |    29 |    10 ||    66
       Ration            |       |       |     2 |       |     1 ||     3
Armor: Animal skin       |    27 |    37 |       |       |       ||    64
       Chain mail        |       |     7 |   219 |       |       ||   226
       Plate armour      |       |       |     8 |   436 |   168 ||   612
Dodge: Dodged            |    51 |    79 |   172 |   300 |   146 ||   748
Block: Buckler           |     7 |    24 |    78 |   134 |       ||   243
       Shield            |       |       |       |   109 |   247 ||   356
